 Dungeon Crawl Stone Soup version 0.18.1-50-g88ac8fd (webtiles) character file.

154 magog001 the Bolt Thrower (level 5, -5/36 HPs)
             Began as a Centaur Hunter on Dec 18, 2016.
             Slain by magog001's ghost (10 damage)
             ... on level 3 of the Dungeon.
             The game lasted 00:31:24 (3801 turns).

magog001 the Bolt Thrower (Centaur Hunter)          Turns: 3801, Time: 00:31:25

Health: -5/36      AC:  6    Str: 16    XL:     5   Next: 13%
Magic:  5/5        EV:  3    Int: 10    God:
Gold:   90         SH:  0    Dex:  9    Spells: 0 memorised, 4 levels left

rFire  . . .     SeeInvis .     e - +0 morningstar
rCold  + . .     Gourm    .     i - +1 ring mail {rC+}
rNeg   . . .     Faith    .     (no shield)
rPois  .         Spirit   .     (no helmet)
rElec  .         Dismiss  .     (no cloak)
rCorr  +         Reflect  .     (no gloves)
SustAt .         Harm     .     (no barding)
MR     .....     Clarity  +     (no amulet)
Stlth  +.........               k - ring of resist corrosion
                                j - ring of stealth

@: very quick, not resistant to hostile enchantments, very unstealthy
A: hooves 3, clarity, deformed body, speed 2, frail 1, mutation resistance 1,
tough skin 3
a: no special abilities


You were on level 3 of the Dungeon.
You were hungry.

You visited 1 branch of the dungeon, and saw 3 of its levels.

You collected 90 gold pieces.

Inventory:

Hand Weapons
 a - a +1 hand crossbow
 b - a +0 short sword
 e - a +0 morningstar (weapon)
Missiles
 d - 3 bolts
 p - 14 poisoned needles
Armour
 i - a +1 ring mail of cold resistance (worn)
Rods
 h - a +0 rod of ignition (5/11)
   (You found it on level 3 of the Dungeon)
Jewellery
 j - a ring of stealth (left hand)
 k - a ring of resist corrosion (right hand)
Scrolls
 c - 2 scrolls of enchant weapon {unknown}
Potions
 l - a potion of haste {unknown}
 m - a potion of might
 r - a potion of resistance
Comestibles
 f - 3 bread rations
 g - 4 fruits
 n - a slice of pizza
 o - 4 meat rations


   Skills:
 + Level 2.0 Fighting
 * Level 6.4 Crossbows
 + Level 0.5 Armour
 * Level 2.0 Dodging
 * Level 1.1 Stealth


You had 4 spell levels left.
You didn't know any spells.

Dungeon Overview and Level Annotations

Branches:
Dungeon (3/15)

Altars:
Kikubaaqudgha
Xom

Annotations:
D:3 magog001's ghost, amateur CeHu


Innate Abilities, Weirdness & Mutations

You have hooves in place of feet.
Armour fits poorly on your strangely shaped body.
You cover ground very quickly.
You have extremely tough skin (AC +3).
You possess an exceptional clarity of mind.
You are frail (-10% HP).
You are somewhat resistant to further mutation.


Message History

Evoke which item? (* to show all) (? for menu, Esc to quit)
The rod doesn't have enough magic points.
e - a +0 morningstar (weapon)
You barely miss magog001's ghost. Your kick misses magog001's ghost.
Magog001's ghost hits you but does no damage.
Magog001's ghost hits you!
You barely miss magog001's ghost.
You kick magog001's ghost, but do no damage.
Magog001's ghost barely misses you.
You hit magog001's ghost but do no damage.
Magog001's ghost hits you. Magog001's ghost barely misses you.
You hit magog001's ghost but do no damage.
You kick magog001's ghost, but do no damage.
Magog001's ghost hits you! Magog001's ghost hits you!
* * * LOW HITPOINT WARNING * * *
Magog001's ghost barely misses you.
There is a stone staircase leading up, spattered with blood here.
Magog001's ghost hits you!
You die...

######### #.......# #..(....#
########## #.......#
##...##...##
#.......####..........##
#........##............#
#......................#
#.........#@...........#####
#######.#......W..........##...
........#..........##...#..#...
........#....[###..#######.#...
................#...# #.#...
...........#.##.#...# #.....
.........#..........#######....
.........##.#............ #....
.###.....##.#.......####.......


You could see magog001's ghost.

Vanquished Creatures
  3 adders (D:2)
  5 gnolls
  2 oozes
  A worm (D:2)
  A dart slug (D:1)
  A giant gecko (D:1)
  4 orcs
  2 bats
  4 giant cockroaches
  7 goblins
  4 hobgoblins
  3 jackals (D:2)
  6 kobolds
  2 quokkas (D:3)
  2 ball pythons
  5 giant newts
  10 rats
62 creatures vanquished.

Notes
Turn   | Place    | Note
--------------------------------------------------------------
     0 | D:1      | magog001 the Centaur Hunter began the quest for the Orb.
     0 | D:1      | Reached XP level 1. HP: 17/17 MP: 1/1
   110 | D:1      | Reached XP level 2. HP: 20/24 MP: 2/2
   379 | D:1      | Reached skill level 5 in Crossbows
   818 | D:1      | Reached XP level 3. HP: 26/29 MP: 3/3
  1206 | D:2      | Reached XP level 4. HP: 36/36 MP: 4/4
  1224 | D:2      | Found an ancient bone altar of Kikubaaqudgha.
  1263 | D:2      | Reached skill level 6 in Crossbows
  1485 | D:2      | Found a shimmering altar of Xom.
  1559 | D:2      | Gained mutation: You are somewhat resistant to further mutation. [potion of mutation]
  1559 | D:2      | Gained mutation: You possess an exceptional clarity of mind. [potion of mutation]
  1559 | D:2      | Gained mutation: You are frail (-10% HP). [potion of mutation]
  2194 | D:3      | Noticed magog001's ghost (amateur CeHu)
  2511 | D:3      | Reached XP level 5. HP: 36/36 MP: 5/5
  3133 | D:2      | Reached skill level 1 in Stealth
  3734 | D:3      | Identified a +0 rod of ignition (11/11) (You found it on level 3 of the Dungeon)
  3801 | D:3      | Slain by magog001's ghost

Skill      XL: |  1  2  3  4  5 |
---------------+----------------+-----
Crossbows      | 5 6 |  6.4
Dodging        | 2 |  2.0
Stealth        | 1 |  1.1
Fighting       | |  2.0
Armour         | |  0.5

Action                   |  1- 3 |  4- 6 || total
-------------------------+-------+-------++-------
Melee: Short sword       |     1 |    57 ||    58
       Kick              |       |    16 ||    16
       Morningstar       |       |    19 ||    19
 Fire: Hand crossbow     |    54 |    43 ||    97
Evoke: Rod               |       |     1 ||     1
  Use: Potion            |       |     5 ||     5
       Scroll            |       |     2 ||     2
  Eat: Chunk             |       |     6 ||     6
       Fruit             |       |     1 ||     1
Armor: Leather armour    |     9 |    10 ||    19
       Ring mail         |       |    12 ||    12
Dodge: Dodged            |    13 |    41 ||    54
